 Dungeon Crawl Stone Soup version 0.25-a0-547-g27a0b5d1ef (webtiles) character file.

Game seed: 6287866185883469932, levelgen mode: deterministic

12415 Esekla the Thaumaturge (level 11, 0/54 HPs)
             Began as a Deep Elf Wizard on Feb 22, 2020.
             Was a High Priest of Qazlal.
             Killed from afar by Frances (31 damage)
             ... with a shard of ice
             ... on level 12 of the Dungeon.
             The game lasted 02:48:58 (15502 turns).

Esekla the Thaumaturge (Deep Elf Wizard)           Turns: 15502, Time: 02:48:59

Health: 0/54       AC:  7    Str: 11    XL:     11   Next: 62%
Magic:  2/31       EV: 15    Int: 24    God:    Qazlal [*****.]
Gold:   777        SH:  6    Dex: 14    Spells: 19/38 levels left

rFire    + . .     SeeInvis .   f - +4 falchion
rCold    + . .     Gourm    .   (no shield)
rNeg     . . .     Faith    .   B - +0 robe {rC+ rF+}
rPois    +         Spirit   .   b - +0 hat
rElec    .         Reflect  .   t - +0 cloak
rCorr    .         Harm     .   l - +2 pair of gloves
MR       +....                  i - +0 pair of boots
Stlth    +.........             I - amulet of magic regeneration
HPRegen  0.18/turn              A - ring of poison resistance
MPRegen  0.47/turn              N - +5 ring of strength

@: berserk cooldown, slowed, repel missiles, very slow
A: no striking features
a: Upheaval, Elemental Force, Disaster Area, Renounce Religion


You were on level 12 of the Dungeon.
You worshipped Qazlal.
Qazlal was extremely pleased with you.
You were not hungry.

You visited 2 branches of the dungeon, and saw 13 of its levels.

You collected 777 gold pieces.

Inventory:

Hand Weapons
 f - a +4 falchion (weapon)
 h - a +3 long sword of holy wrath
 v - a +0 dagger of venom
 E - a +3 hunting sling of flaming
 F - the +6 spear of Wealth {vorpal, Dex+3}
   (You found it on level 7 of the Dungeon)

   It inflicts extra damage upon your enemies.
   It affects your dexterity (+3).
 J - a +1 dagger of venom
Missiles
 k - 39 poisoned darts (quivered)
 s - 6 javelins
 H - 85 sling bullets
Armour
 b - a +0 hat (worn)
 i - a +0 pair of boots (worn)
 l - a +2 pair of gloves (worn)
 t - a +0 cloak (worn)
 B - a +0 robe of resistance (worn)
Jewellery
 y - an uncursed amulet of regeneration
 A - a ring of poison resistance (left hand)
 I - an amulet of magic regeneration (around neck)
 M - the ring of the Queen {Fire Str+4}
   (You found it on level 8 of the Dungeon)

   [ring of fire]

   It enhances your fire magic.
   It affects your strength (+4).
   It protects you from fire.
   It makes you vulnerable to cold.
 N - a +5 ring of strength (right hand)
Wands
 a - a wand of acid (17)
 w - a wand of digging (4)
 L - a wand of iceblast (14)
 O - a wand of flame (14)
 R - a wand of paralysis (7)
Scrolls
 e - a scroll of blinking {unknown}
 g - 3 scrolls of identify
 j - 6 scrolls of remove curse
 m - 2 scrolls of magic mapping
 n - a scroll of enchant weapon
 q - 2 scrolls of immolation
 r - 3 scrolls of fear
 z - 2 scrolls of teleportation
 K - a scroll of acquirement {unknown}
 P - a scroll of summoning {unknown}
 Q - 3 scrolls of noise
Potions
 c - 3 potions of brilliance
 o - 2 potions of haste
 p - 5 potions of curing
 u - 3 potions of berserk rage
 C - a potion of might
 D - 2 potions of magic
 G - a potion of flight
 S - a potion of lignification
Comestibles
 d - 12 rations


   Skills:
 + Level 2.7(5.1) Short Blades
 * Level 6.1(6.3) Long Blades
 + Level 4.6 Throwing
 + Level 5.5 Dodging
 - Level 2.4 Stealth
 * Level 14.3 Spellcasting
 + Level 8.1 Conjurations
   Level 1.1 Summonings
 + Level 4.5 Translocations
 * Level 4.4 Fire Magic
 + Level 4.5 Air Magic
 + Level 4.9 Poison Magic


You had 19 spell levels left.
You knew the following spells:

 Your Spells              Type           Power        Failure   Level  Hunger
a - Magic Dart            Conj           ####         1%          1    None
b - Blink                 Tloc           N/A          1%          2    None
c - Mephitic Cloud        Conj/Pois/Air  #####...     1%          3    None
e - Fireball              Conj/Fire      #####.....   7%          5    ##.....
f - Conjure Flame         Conj/Fire      #####...     1%          3    None
x - Foxfire               Conj/Fire      ####         1%          1    None
y - Sticky Flame          Conj/Fire      #####...     2%          4    None

Your spell library contained the following spells:

 Spells                   Type           Power        Failure   Level  Hunger
 Call Imp                 Summ           ###.....     3%          2    None
 Slow                     Hex            ###.....     4%          2    None
 Inner Flame              Hex/Fire       ####....     4%          3    None


Dungeon Overview and Level Annotations

Branches:
Dungeon (12/15)            Temple (1/1) D:4            Lair (0/6) D:8
    Orc (0/2) D:12

Altars:
Ashenzari
Cheibriados
Dithmenos
Elyvilon
Fedhas
Gozag
Hepliaklqana
Kikubaaqudgha
Makhleb
Nemelex Xobeh
Okawaru
Qazlal
Ru
Sif Muna
Trog
Uskayaw
Vehumet
Wu Jian
Xom
Yredelemnul
Zin
The Shining One
Jiyva

Annotations:
D:5 3 runed translucent doors, 2 transporters, Enlauro's ghost, novice GrFi; Grinder
D:9 Gastronok
D:12 Frances


Message History

Press: ? - help, v - describe, . - travel
Here: Frances, wielding a +0 battleaxe and wearing a +0 leather armour The floor.
Casting: Mephitic Cloud (safe; 1% risk of failure)
Confirm with . or Enter, or press ? or * to list all spells.
You conjure some foxfire!
You block the vampire mosquito's attack. x2
Frances whispers indecipherable words.
Frances seems to speed up.
The foxfire hits the orc.
The orc is severely wounded.
The vampire mosquito barely misses you.
Casting: Foxfire (safe; 1% risk of failure)
Confirm with . or Enter, or press ? or * to list all spells.
You blink.
The foxfire hits the vampire mosquito.
The vampire mosquito is lightly damaged.
Frances is engulfed in freezing vapours.
Frances chants phrases taken from a devil's mouth.
The shard of ice hits you!! You partially resist.
Ouch! That really hurt!
You die...

#.......$.........
..................
.................$
....................
..........[○§........
..........o.....[.... ##
........†##y....###.. #.#
....o###†##o@...# #..#
#... . .##....o#@.○..##
#...#..(.
....#...†...☼....#
#..<....
....{...........##
#.......
.....##...........
..J....... #.##
............[...J.......
..................##J..#..
..........#.........
....##.
..........##......# ....#
. ..........# ......
.....#


You could see Frances, a vampire mosquito and an orc.

Vanquished Creatures
  Erolcha (D:10)
  Harold (D:9)
  A two-headed ogre (D:8)
  Urug (D:12)
  An ugly thing (D:11)
  A cyclops (D:12)
  Maurice (D:10)
  Joseph (D:7)
  A komodo dragon (D:11)
  2 trolls
  2 slime creatures
  A hippogriff (D:11)
  A shadow (D:10)
  Sigmund (D:2)
  Eustachio (D:6)
  Grum (D:10)
  2 vampire mosquitoes (D:12)
  Menkaure (D:6)
  6 orc warriors
  2 black bears
  3 sky beasts
  2 ice beasts (D:10)
  3 phantoms
  A necrophage (D:7)
  5 ogres
  2 wolves (D:10)
  5 centaurs
  2 big kobolds
  10 bullfrogs
  4 scorpions
  A jelly (D:6)
  9 killer bees
  2 electric eels (D:6)
  7 wights
  3 howler monkeys
  3 centaur zombies
  A bullfrog zombie (D:10)
  3 crimson imps
  A quasit (D:12)
  6 hounds
  4 centaur skeletons
  7 orc priests
  A bullfrog skeleton (D:12)
  11 orc wizards
  3 iguanas
  3 worker ants
  Natasha (thrice) (D:3)
  A hound zombie (D:10)
  2 howler monkey zombies
  11 adders
  10 gnolls
  A howler monkey skeleton (D:11)
  A shadow imp (D:7)
  3 adder zombies
  2 worms (D:4)
  5 leopard geckos
  43 orcs
  2 ball pythons
  7 bats
  4 giant cockroaches
  8 hobgoblins
  4 jackals (D:6)
  2 quokkas (D:7)
  A ball python skeleton (D:5)
  4 frilled lizards
  A giant cockroach zombie (D:5)
  10 goblins
  15 kobolds
  A leopard gecko skeleton (D:4)
  A quokka skeleton (D:2)
  3 rats (D:1)
276 creatures vanquished.

Vanquished Creatures (collateral kills)
  A bullfrog (D:8)
1 creature vanquished.

Vanquished Creatures (others)
  A foxfire (D:12)
1 creature vanquished.

Grand Total: 278 creatures vanquished

Notes
Turn   | Place    | Note
-------+----------+-------------------------------------------
     0 | D:1      | Esekla the Deep Elf Wizard began the quest for the Orb.
     0 | D:1      | Reached XP level 1. HP: 10/10 MP: 7/7
   390 | D:1      | Reached XP level 2. HP: 15/15 MP: 0/9
   400 | D:1      | Learned a level 2 spell: Blink
   511 | D:1      | Reached skill level 5 in Spellcasting
   948 | D:2      | Reached XP level 3. HP: 12/19 MP: 11/11
   953 | D:2      | Learned a level 3 spell: Mephitic Cloud
   957 | D:2      | Learned a level 3 spell: Conjure Flame
  1114 | D:2      | You fall into a shaft and drop 2 floors!
  1254 | D:4      | Found a staircase to the Ecumenical Temple.
  1266 | Temple   | Entered the Ecumenical Temple
  1400 | Temple   | Became a worshipper of Qazlal Stormbringer
  1464 | D:5      | Entered Level 5 of the Dungeon
  1501 | D:5      | Found a sparkling altar of Nemelex Xobeh.
  1502 | D:5      | Found a snail-covered altar of Cheibriados.
  1522 | D:5      | Noticed a phantom
  1554 | D:5      | Noticed a centaur
  1880 | D:4      | Reached XP level 4. HP: 24/24 MP: 3/13
  2014 | D:4      | Found a glowing silver altar of Zin.
  2077 | D:4      | Reached skill level 6 in Spellcasting
  2077 | D:4      | Reached skill level 1 in Poison Magic
  2077 | D:4      | Reached XP level 5. HP: 16/28 MP: 7/15
  2363 | D:3      | Reached skill level 1 in Air Magic
  2372 | D:3      | Reached * piety under Qazlal
  2449 | D:3      | Found a shimmering altar of Xom.
  2559 | D:3      | Reached XP level 6. HP: 32/32 MP: 12/17
  2582 | D:3      | Noticed Natasha
  2589 | D:3      | Killed Natasha
  2589 | D:3      | Reached skill level 1 in Short Blades
  2671 | D:3      | Noticed Natasha
  2699 | D:3      | Killed Natasha
  2884 | D:2      | Noticed Sigmund
  3021 | D:2      | Found a shimmering blue altar of Sif Muna.
  3124 | D:2      | Killed Sigmund
  3124 | D:2      | Reached skill level 7 in Spellcasting
  3554 | D:3      | Noticed Natasha
  3562 | D:3      | Killed Natasha
  3562 | D:3      | Reached XP level 7. HP: 29/36 MP: 12/19
  3651 | D:3      | Found a radiant altar of Vehumet.
  4365 | D:4      | Found a bloodstained altar of Trog.
  4394 | D:5      | Found a runed translucent gate.
  4394 | D:5      | Found a runed translucent gate.
  4394 | D:5      | Found a runed translucent gate.
  4430 | D:5      | Noticed Grinder
  4527 | D:6      | Noticed Menkaure
  4550 | D:5      | Reached ** piety under Qazlal
  4584 | D:5      | Noticed Enlauro's ghost (novice GrFi)
  4759 | D:5      | Found a transporter.
  4805 | D:5      | Found a transporter.
  4875 | D:5      | Reached skill level 1 in Throwing
  4875 | D:5      | Reached skill level 8 in Spellcasting
  4875 | D:5      | Reached skill level 5 in Conjurations
  4875 | D:5      | Reached XP level 8. HP: 33/41 MP: 17/22
  4926 | D:5      | Found a burning altar of Makhleb.
  4926 | D:5      | Noticed a cacodemon
  5521 | D:6      | Reached skill level 9 in Spellcasting
  6550 | D:7      | Noticed Joseph
  6618 | D:6      | Reached skill level 1 in Fire Magic
  6623 | D:6      | Noticed Eustachio
  6863 | D:6      | Found a blossoming altar of Fedhas.
  6963 | D:6      | Found a shadowy altar of Dithmenos.
  7007 | D:6      | Killed Eustachio
  7007 | D:6      | Reached skill level 1 in Long Blades
  7057 | D:6      | Killed Menkaure
  7057 | D:6      | Reached XP level 9. HP: 18/45 MP: 13/24
  7098 | D:6      | HP: 1/45 [centaur/arrow (7)]
  7105 | D:6      | Reached *** piety under Qazlal
  7619 | D:6      | Reached skill level 10 in Spellcasting
  7778 | D:7      | Got a crystal spear
  8141 | D:7      | Identified the +6 spear of Wealth {vorpal, Dex+3} (You
                  | found it on level 7 of the Dungeon)
  8150 | D:7      | Killed Joseph
  8308 | D:7      | Found a sacrificial altar of Ru.
  8500 | D:7      | Reached skill level 11 in Spellcasting
  8946 | D:8      | Found a staircase to the Lair.
  9003 | D:8      | Got a fine jade ring
  9035 | D:8      | Identified the ring of the Queen {Fire Str+4} (You found it
                  | on level 8 of the Dungeon)
  9061 | D:8      | Found an ancient bone altar of Kikubaaqudgha.
  9191 | D:8      | Found a shattered altar of Ashenzari.
  9250 | D:8      | Noticed a two-headed ogre
  9294 | D:8      | Killed a two-headed ogre
  9294 | D:8      | Reached skill level 12 in Spellcasting
  9294 | D:8      | Reached XP level 10. HP: 8/49 MP: 13/28
  9562 | D:8      | Found a glowing golden altar of the Shining One.
 10088 | D:8      | Found an iron altar of Okawaru.
 10240 | D:9      | Reached **** piety under Qazlal
 10687 | D:9      | Noticed Harold
 10772 | D:9      | Reached skill level 5 in Dodging
 10782 | D:9      | Killed Harold
 11193 | D:10     | Entered Level 10 of the Dungeon
 11193 | D:10     | Noticed Gastronok
 11525 | D:10     | Noticed Grum
 11537 | D:10     | Reached skill level 13 in Spellcasting
 11550 | D:10     | Killed Grum
 11636 | D:10     | Noticed Erolcha
 11654 | D:10     | Killed Erolcha
 11934 | D:10     | Reached ***** piety under Qazlal
 12547 | D:10     | Reached XP level 11. HP: 54/54 MP: 27/30
 12710 | D:10     | Noticed Maurice
 12728 | D:10     | Killed Maurice
 13306 | D:11     | Reached skill level 5 in Long Blades
 13490 | D:10     | Paralysed by a wight for 3 turns
 13559 | D:11     | Noticed a brown ugly thing
 13949 | D:11     | Killed a brown ugly thing
 14185 | D:11     | Identified the +2 scale mail of Broken Taboos {Dex+3
                  | Stlth+}
 14245 | D:11     | Reached skill level 14 in Spellcasting
 14294 | D:11     | Learned a level 4 spell: Sticky Flame
 14296 | D:11     | Learned a level 1 spell: Foxfire
 14302 | D:11     | Learned a level 5 spell: Fireball
 15401 | D:12     | Found a staircase to the Orcish Mines.
 15407 | D:12     | Noticed Urug
 15453 | D:12     | Killed Urug
 15496 | D:12     | Noticed Frances
 15502 | D:12     | Killed from afar by Frances

Levels and vault maps discovered:
D:1:      lemuel_arrival_lava_pool, layout_loops_ring, supply_closet_lemuel,
          st_stairs_13
D:2:      layout_basic, lemuel_doored_altar, uniq_sigmund
D:3:      layout_loops_ring, overflow_temple_1_default,
          lemuel_coloured_pillars_altar, uniq_natasha
D:4:      layout_basic, nicolae_overflow_crystal_walls,
          minmay_temple_entry_wispy, trog_book
D:5:      gammafunk_wand_slinger, layout_rooms, makhleb_altar_promises_db,
          grunt_temple_overflow_open, gammafunk_ghost_necromancy, first_ration,
          minmay_misc_feat_enclosed, uniq_grinder
D:6:      layout_basic, marbit_many_paths, nrook_pool_corridor, fedhas_altar_4,
          uniq_eustachio, uniq_menkaure
D:7:      layout_gridville, nicolae_overflow_hidden_temple, uniq_joseph
D:8:      layout_basic, kiku_gazebo_garden_becter, old_standard_altar,
          lemuel_round_altar, kennysheep_okawaru_gauntlet, dpeg_oklobed_lair
D:9:      layout_cave_pools, uniq_harold
D:10:     layout_gridville, uniq_maurice, uniq_grum, uniq_erolcha,
          uniq_gastronok
D:11:     layout_basic
D:12:     layout_cave_pools, orc_0_dummy, uniq_urug, uniq_frances
Temple:   pf_slime_end_temple

Skill      XL: |  1  2  3  4  5  6  7  8  9 10 11 |
---------------+----------------------------------+-----
Spellcasting   | 5 6 7 8 9 12 13 14 | 14.3
Dodging        | 3 4 5 |  5.5
Conjurations   | 2 3 5 6 7 8 |  8.1
Poison Magic   | 1 2 3 4 |  4.9
Translocations | 2 3 4 |  4.5
Air Magic      | 1 2 3 4 |  4.5
Short Blades   | 2 |  2.7
Throwing       | 1 2 3 4 |  4.6
Fire Magic     | 1 3 4 |  4.4
Long Blades    | 1 2 4 6 |  6.1
Stealth        | |  2.4
Summonings     | |  1.1

Action                   |  1- 3 |  4- 6 |  7- 9 | 10-12 || total
-------------------------+-------+-------+-------+-------++-------
Melee: Dagger            |    28 |    50 |    79 |    13 ||   170
       Long sword        |       |       |    73 |   121 ||   194
       Spear             |       |       |    30 |    33 ||    63
       Falchion          |       |       |       |    59 ||    59
Throw: Javelin           |       |     7 |       |       ||     7
       Dart              |       |     8 |    54 |    87 ||   149
 Cast: Magic Dart        |    68 |    58 |   196 |   132 ||   454
       Blink             |     1 |       |    23 |    19 ||    43
       Mephitic Cloud    |     2 |    12 |    27 |    58 ||    99
       Conjure Flame     |       |     1 |    18 |    14 ||    33
       Sticky Flame      |       |       |       |    13 ||    13
       Fireball          |       |       |       |     3 ||     3
       Foxfire           |       |       |       |     1 ||     1
  Use: Scroll            |       |     5 |     4 |    11 ||    20
       Potion            |       |       |     1 |     6 ||     7
 Stab: Sleeping          |     2 |       |       |       ||     2
       Confused          |     1 |     3 |     2 |    23 ||    29
  Eat: Chunk             |     1 |     3 |    11 |     7 ||    22
       Ration            |       |     1 |     2 |     4 ||     7
Armor: Robe              |     7 |     7 |    30 |    51 ||    95
Dodge: Dodged            |    20 |    45 |   149 |   196 ||   410
       Deflected         |       |       |       |    15 ||    15
Block: Other             |       |     1 |    31 |    75 ||   107
       Rpst.: Long sword |       |       |    31 |    46 ||    77
       Falchion          |       |       |       |    11 ||    11

Table legend:
 A = Non-vault XP
 B = Vault XP
 C = Vault XP percentage of total XP
 D = Non-vault monster count
 E = Vault monster count
 F = Vault count percentage of total count
                 A         B        C        D         E       F
            +---------+---------+-------+---------+---------+-------
      Total |   13112 |    4625 |  26.1 |     261 |      16 |   5.8
            +---------+---------+-------+---------+---------+-------
        D:1 |      28 |       1 |   3.4 |      17 |       1 |   5.6
        D:2 |      33 |     212 |  86.5 |      14 |       1 |   6.7
        D:3 |     277 |      35 |  11.2 |      28 |       1 |   3.4
        D:4 |     342 |       0 |   0.0 |      17 |       0 |   0.0
        D:5 |     665 |       0 |   0.0 |      12 |       0 |   0.0
        D:6 |    1076 |     383 |  26.3 |      33 |       3 |   8.3
        D:7 |     803 |     430 |  34.9 |      14 |       1 |   6.7
        D:8 |    1695 |       4 |   0.2 |      20 |       2 |   9.1
        D:9 |    1114 |     843 |  43.1 |      28 |       1 |   3.4
       D:10 |    2162 |    1870 |  46.4 |      36 |       5 |  12.2
       D:11 |    3293 |       0 |   0.0 |      31 |       0 |   0.0
       D:12 |    1624 |     847 |  34.3 |      11 |       1 |   8.3
            +---------+---------+-------+---------+---------+-------
